Map: Hardwire LE

Players

Warthog - Winner!

  • Race: Terran Terran
  • League: Master
  • Spawn Location: 7:00

sOs

  • Race: Zerg Zerg
  • League: Diamond
  • Spawn Location: 1:00

VOD

Have the link to the VOD?

Description

Time

  • Played on: Jan. 4, 2022, 4:49 p.m.
  • Length: 16:45
Show
View Real Time Build Order
Export as new Build Order

Warthog Terran - Winner!

Build Orders: Liberator Opening, Reaper Expand, Mech 

Get SALT Encoding   

  12  0:00  SCV  
  13  0:14  SCV  
  14  0:17  Supply Depot  
  14  0:26  SCV  
  15  0:39  SCV  
  15  0:40  Barracks  
  16  0:45  Refinery  
  16  0:52  SCV  
  17  1:04  SCV  
  18  1:16  SCV  
  19  1:27  Reaper  
  19  1:28  Orbital Command  
  20  1:40  Command Center  
  20  1:52  Supply Depot  
  20  1:55  SCV  
  20  1:59  Marine  
  22  2:07  SCV  
  23  2:11  Factory  
  23  2:16  Refinery  
  23  2:19  SCV  
  23  2:22  Barracks Reactor  
  24  2:31  SCV  
  25  2:43  SCV  
  26  2:52  Orbital Command  
  26  2:58  SCV  
  27  3:12  Starport  
  29  3:13  Hellion x2  
  29  3:15  Marine  
  32  3:22  SCV x2  
  35  3:34  Supply Depot, SCV x2  
  35  3:37  Hellion x2  
  40  3:46  SCV x2  
  40  3:47  Barracks Tech Lab  
  42  3:48  Liberator  
  45  3:58  SCV x2  
  47  4:05  Supply Depot  
  47  4:10  Command Center, SCV x2  
  47  4:16  Supply Depot  
  49  4:18  Hellion  
  49  4:19  Hellion  
  49  4:22  SCV  
  54  4:26  Barracks Tech Lab  
  54  4:27  SCV  
  55  4:33  Refinery  
  55  4:34  SCV  
  55  4:35  Liberator, Refinery  
  59  4:39  SCV  
  59  4:40  Hellion x2  
  64  4:56  SCV  
  64  4:57  SCV  
  65  5:08  SCV  
  65  5:10  Factory  
  65  5:11  Factory  
  65  5:12  Armory  
  66  5:15  SCV  
  66  5:21  SCV  
  68  5:22  Hellion  
  68  5:23  Hellion  
  68  5:27  SCV  
  64  5:43  SCV x2  
  64  5:44  Orbital Command  
  64  5:48  Viking  
  64  5:49  Factory  
  62  5:50  Factory  
  62  5:55  SCV  
  59  6:07  Cyclone, Hellion x2  
  59  6:08  Cyclone, Infernal Pre-Igniter  
  59  6:09  Mag-Field Accelerator  
  59  6:10  Terran Vehicle Weapons Level 1  
  69  6:12  SCV x2  
  69  6:13  Orbital Command  
  71  6:22  Supply Depot  
  71  6:23  Supply Depot, Starport Tech Lab  
  71  6:24  SCV, Armory  
  72  6:29  Refinery  
  72  6:30  Refinery  
  72  6:31  SCV  
  73  6:35  Factory Tech Lab  
  73  6:36  SCV, Factory Reactor  
  73  6:38  Hellion x2  
  78  6:40  SCV  
  78  6:42  Cyclone  
  78  6:43  Hellion  
  78  6:45  Banshee  
  85  6:47  SCV  
  85  6:48  SCV  
  85  6:52  SCV  
  87  6:59  SCV  
  87  7:00  SCV  
  89  7:02  Cyclone  
  89  7:03  Supply Depot, Hellion x2  
  89  7:04  Supply Depot, SCV  
  97  7:11  SCV  
  97  7:13  SCV  
  97  7:14  Hellion  
  101  7:17  Hellion  
  99  7:25  Cyclone, Siege Tank  
  105  7:34  Siege Tank  
  105  7:37  Banshee  
  107  7:54  SCV x3  
  107  7:56  Supply Depot  
  107  7:57  Siege Tank  
  113  7:58  Supply Depot  
  113  8:00  Hellion  
  115  8:06  SCV x2  
  115  8:10  Command Center  
  117  8:17  SCV, Siege Tank  
  117  8:18  Hellion x4  
  117  8:19  Banshee  
  125  8:25  Hellion  
  128  8:27  SCV x2  
  128  8:29  Siege Tank  
  128  8:30  Supply Depot  
  128  8:33  Supply Depot  
  133  8:52  Hellion, Siege Tank  
  133  8:54  Supply Depot  
  138  8:56  Siege Tank  
  138  8:57  Hellion x2, Terran Vehicle Weapons Level 2  
  138  8:58  Terran Vehicle And Ship Armor Level 1  
  138  9:01  Siege Tank  
  148  9:05  SCV  
  149  9:11  Supply Depot x2  
  149  9:15  SCV, Banshee  
  153  9:25  Thor  
  153  9:26  Refinery  
  153  9:28  Hellion x4  
  153  9:31  Refinery  
  167  9:32  Thor  
  167  9:33  Thor  
  165  10:08  Hellion x3, Siege Tank  
  168  10:15  Siege Tank  
  168  10:21  Supply Depot  
  167  10:22  Supply Depot  
  167  10:31  Engineering Bay  
  167  10:40  Command Center  
  167  10:43  Command Center  
  167  10:44  Orbital Command  
  167  10:46  Factory x2  
  167  10:47  Factory  
  167  10:56  Siege Tank x2  
  167  10:57  Siege Tank  
  169  11:28  Siege Tank  
  169  11:29  Siege Tank  
  169  11:30  Cloaking Field  
  169  11:31  Terran Vehicle And Ship Armor Level 2  
  169  11:32  Terran Vehicle Weapons Level 3  
  175  11:37  Factory Tech Lab x3  
  175  12:09  Siege Tank  
  165  12:32  Thor x4  
  165  12:33  Thor  
  165  12:36  Hellion x4  
  197  12:41  Hellion  
  199  12:57  Hellion x3  
  198  14:10  Hellion  
  198  14:11  Hellion  
  187  14:28  Planetary Fortress  
  187  14:29  Planetary Fortress  
  187  15:00  Refinery x2  
  187  15:14  Siege Tank  
  187  15:15  Siege Tank x5  
  187  15:16  Hellion x4  
  187  15:37  Hellion  
  187  15:38  Hellion x3  
  187  15:46  Siege Tank  
  187  15:47  Siege Tank x5  
  187  15:59  Hellion x4  
  187  16:19  Hellion x6  
  187  16:20  Hellion x4  
  187  16:34  Refinery  
  187  16:38  Refinery  
Show
View Real Time Build Order
Export as new Build Order

sOs Zerg 

Build Orders: Hatch First 

Get SALT Encoding   

  12  0:01  Drone  
  13  0:13  Overlord  
  13  0:17  Drone  
  14  0:31  Drone x2  
  16  0:50  Hatchery  
  16  0:52  Drone  
  16  0:55  Drone  
  17  1:06  Extractor  
  16  1:12  Spawning Pool  
  16  1:14  Drone  
  16  1:18  Drone  
  17  1:22  Drone  
  18  1:28  Drone  
  19  1:39  Drone  
  20  1:50  Drone  
  21  2:03  Queen x2  
  21  2:04  Zergling x4  
  27  2:10  Metabolic Boost  
  27  2:13  Overlord  
  27  2:16  Drone  
  28  2:34  Drone  
  28  2:35  Drone x3  
  31  2:38  Queen  
  31  2:44  Queen  
  35  2:54  Overlord  
  35  3:01  Hatchery  
  35  3:03  Drone  
  35  3:05  Drone  
  35  3:09  Drone  
  36  3:16  Drone x4  
  40  3:26  Overlord  
  40  3:28  Drone  
  40  3:29  Drone x3  
  44  3:37  Extractor  
  44  3:39  Extractor  
  42  3:45  Roach Warren  
  42  3:46  Lair  
  42  3:47  Drone x2  
  42  3:48  Drone  
  44  3:49  Drone  
  44  3:53  Zergling x4  
  48  3:55  Zergling x2  
  47  4:09  Overlord  
  47  4:11  Overlord  
  47  4:22  Drone x2  
  47  4:23  Drone x4  
  53  4:29  Zergling x4, Queen  
  53  4:30  Zergling x2  
  58  4:37  Spore Crawler  
  57  4:40  Drone x2  
  57  4:41  Drone x3  
  61  4:57  Drone x8  
  61  4:58  Drone  
  68  5:00  Glial Reconstitution  
  68  5:06  Spore Crawler, Evolution Chamber x2  
  65  5:17  Zergling x8  
  66  5:26  Zergling x2  
  66  5:27  Zergling x6  
  65  5:39  Drone  
  65  5:40  Drone x8  
  64  5:54  Roach  
  64  5:55  Roach x3  
  64  5:56  Zerg Missile Weapons Level 1  
  71  6:03  Roach  
  73  6:04  Zerg Ground Armor Level 1  
  73  6:05  Overlord  
  73  6:08  Overlord  
  73  6:20  Spore Crawler  
  74  6:25  Roach  
  74  6:26  Roach x6  
  86  6:42  Overlord x4  
  86  6:49  Overlord x2  
  86  7:05  Ravager  
  86  7:07  Roach x3  
  86  7:08  Roach x7  
  107  7:13  Drone  
  107  7:14  Drone  
  109  7:23  Zergling x2  
  109  7:24  Zergling x14  
  112  7:37  Zergling x12  
  112  7:39  Ravager  
  107  7:56  Overseer  
  105  8:10  Hatchery  
  88  8:41  Roach  
  88  8:42  Roach x8  
  88  8:48  Infestation Pit, Extractor  
  103  8:51  Drone x3  
  103  8:52  Extractor x2  
  103  8:53  Drone x3  
  103  8:54  Drone x2  
  103  8:55  Drone x7  
  115  9:07  Burrow  
  115  9:09  Drone x3  
  118  9:21  Overlord  
  118  9:22  Hatchery, Overlord x3  
  118  9:23  Drone  
  118  9:24  Drone x7  
  124  9:28  Pathogen Glands  
  125  9:34  Drone, Extractor  
  125  9:35  Drone  
  125  9:36  Drone x3, Extractor  
  128  9:40  Overlord x2  
  128  9:45  Spine Crawler  
  128  9:48  Spine Crawler  
  126  9:57  Roach  
  126  9:58  Roach x10  
  142  10:02  Hive  
  123  10:14  Drone x2  
  123  10:15  Drone x6  
  123  10:20  Hydralisk Den  
  125  10:23  Spore Crawler  
  124  10:36  Spore Crawler  
  124  10:42  Drone  
  124  10:43  Drone x15  
  139  10:52  Grooved Spines, Hydralisk x4  
  139  10:53  Hydralisk x3  
  153  10:58  Zerg Missile Weapons Level 2  
  139  11:16  Spire  
  132  11:31  Drone  
  132  11:32  Drone x4  
  137  11:36  Drone x2, Extractor  
  137  11:37  Drone, Extractor  
  137  11:38  Drone x3  
  137  11:39  Spore Crawler  
  140  11:40  Spore Crawler  
  140  11:43  Spine Crawler x2  
  137  11:49  Lurker Den  
  120  11:55  Hydralisk  
  120  11:56  Hydralisk x2  
  120  11:58  Ravager  
  120  11:59  Ravager x4  
  120  12:00  Roach  
  149  12:01  Roach x11  
  149  12:03  Muscular Augments  
  144  12:19  Roach x5  
  144  12:20  Roach x3  
  154  12:27  Roach x6  
  158  12:34  Hydralisk  
  158  12:35  Hydralisk x7  
  151  12:41  Ravager x4  
  151  12:42  Ravager  
  151  12:43  Roach  
  158  12:46  Overseer x2, Overlord  
  154  12:57  Viper  
  154  12:58  Viper x2  
  149  13:19  Pneumatized Carapace  
  145  13:22  Seismic Spines  
  144  13:34  Zergling x22  
  142  13:35  Overseer  
  142  13:40  Overlord x4  
  152  13:43  Roach Warren  
  151  13:50  Zerg Flyer Armor Level 1  
  141  14:03  Hatchery  
  74  14:19  Adaptive Talons  
Tags
 
Add a new tag
Caveats
  • Supply blocks, unpowered buildings, or Contaminate may cause inaccurate times.
  • Supply counts are checked every 10 seconds.